AoeStats
← schmeno

Arabia

506774186Analyzed
1v1 RM · 18d ago on Sep 15, 2026· 50m 4s· 2 players
Game mode
Random Map
Map size
Tiny (2 player)
Population
200
Speed
Normal
Resources
Standard
Victory
Conquest
Starting age
Dark Age
Ending age
Imperial Age
RankedLock teamsTeams togetherTeam positionsShared explorationLock speedFull tech treeHidden civsTurbo modeCheats
Victory
Defeat
1168
+16
🇺🇸 Ethiopians · United States
1162
-16
schmeno
6:31 Loom
8:46 Feudal Age
9:16 Double-Bit Axe
20:59 Castle Age
20:39 Scale Barding Armor
21:00 Crossbowman
21:33 Fletching
30:57 Bodkin Arrow
34:49 Imperial Age
33:50 Chain Barding Armor
35:05 Cavalier
36:33 Ballistics
38:13 Chemistry
37:28 Devotion
38:46 Gold Mining
38:46 Stone Mining
40:02 Wheelbarrow
46:43 Bracer
46:54 Arbalester
48:55 Thumb Ring
大刀向鬼子头上砍去
7:29 Loom
9:44 Feudal Age
10:28 Double-Bit Axe
10:55 Man-at-Arms
15:24 Horse Collar
16:04 Fletching
16:57 Padded Archer Armor
23:18 Castle Age
22:51 Gold Mining
24:36 Bodkin Arrow
26:31 Leather Archer Armor
29:44 Wheelbarrow
30:32 Elite Skirmisher
32:37 Scale Barding Armor
36:51 Stone Mining
36:35 Pikeman
37:17 Squires
37:18 Scale Mail Armor
37:28 Forging
38:55 Town Watch
40:03 Chain Mail Armor
45:14 Imperial Age
46:50 Conscription
46:50 Husbandry
48:02 Chemistry
49:34 Bracer
50:06 Plate Mail Armor
Connection lost

Rejoining the realm…

Still unreachable

The connection could not be restored.

Session expired

The server has moved on; the page needs a fresh start.